Map: Dusk Towers

Players

짬타이거 - Winner!

  • Race: Zerg Zerg
  • League: Diamond

ILLBdA

  • Race: Protoss Protoss
  • League: Diamond

VOD

Have the link to the VOD?

Description

Time

  • Played on: Dec. 13, 2015, 6:04 a.m.
  • Length: 6:16
Show
View Real Time Build Order
Export as new Build Order

짬타이거 Zerg - Winner!

Build Orders: Hatch First, Ravager All-In 

Get SALT Encoding   

  12  0:01  Drone  
  13  0:11  Drone  
  14  0:17  Overlord  
  14  0:35  Drone x3  
  17  0:52  Hatchery  
  16  0:58  Drone  
  17  1:12  Spawning Pool  
  17  1:16  Extractor  
  17  1:17  Drone  
  16  1:21  Drone  
  16  1:23  Drone  
  18  1:29  Drone  
  19  1:39  Overlord  
  19  1:50  Drone  
  20  1:58  Queen  
  20  2:01  Zergling x2  
  23  2:04  Queen  
  23  2:05  Drone  
  26  2:12  Drone  
  27  2:22  Drone x2  
  29  2:27  Extractor  
  29  2:29  Drone  
  29  2:33  Drone  
  30  2:39  Roach Warren, Drone  
  30  2:46  Drone  
  30  2:57  Drone x2  
  32  2:59  Drone  
  33  3:08  Overlord  
  33  3:09  Overlord  
  33  3:10  Drone  
  33  3:11  Drone  
  35  3:15  Extractor  
  34  3:35  Drone x3  
  34  3:36  Roach x2  
  41  3:44  Roach  
  41  3:45  Roach  
  45  3:51  Overlord  
  45  3:52  Overlord  
  45  4:00  Overlord  
  45  4:07  Overlord x2  
  45  4:10  Ravager  
  45  4:11  Ravager x3  
  45  4:14  Roach x2  
  45  4:15  Roach x3  
  59  4:18  Overlord  
  59  4:28  Overlord, Roach x2  
  59  4:29  Roach  
  65  4:40  Ravager x3  
  68  4:46  Ravager  
  68  4:48  Roach  
  68  4:49  Roach x2  
  75  4:58  Drone x2  
  77  5:04  Hatchery  
  73  5:19  Spore Crawler  
  69  5:27  Roach x5  
  69  5:28  Roach  
  78  5:30  Drone x2  
  78  5:31  Drone x2  
  82  5:42  Roach x3  
  85  5:45  Ravager x2  
  85  5:47  Drone x2  
  89  5:50  Extractor  
Show
View Real Time Build Order
Export as new Build Order

ILLBdA Protoss 

Build Orders: Nexus First 

Get SALT Encoding   

  12  0:01  Probe (Chrono Boost)  
  13  0:11  Probe (Chrono Boost)  
  14  0:22  Probe (Chrono Boost)  
  14  0:23  Pylon  
  15  0:44  Pylon  
  15  1:00  Probe (Chrono Boost)  
  16  1:05  Nexus  
  16  1:11  Probe (Chrono Boost)  
  17  1:16  Gateway  
  17  1:24  Assimilator  
  17  1:27  Probe (Chrono Boost)  
  18  1:37  Probe (Chrono Boost)  
  18  1:39  Assimilator  
  19  1:50  Probe (Chrono Boost)  
  19  1:53  Pylon  
  20  2:01  Probe (Chrono Boost)  
  21  2:04  Zealot  
  23  2:11  Cybernetics Core  
  23  2:17  Gateway  
  23  2:21  Probe (Chrono Boost)  
  24  2:25  Probe (Chrono Boost)  
  25  2:31  Probe (Chrono Boost)  
  25  2:35  Probe (Chrono Boost)  
  27  2:42  Probe (Chrono Boost)  
  28  2:47  Stalker (Chrono Boost)  
  30  2:53  Mothership Core  
  30  2:57  Warp Gate  
  30  2:58  Probe  
  35  3:08  Probe  
  35  3:09  Sentry (Chrono Boost)  
  36  3:14  Probe  
  36  3:15  Pylon  
  36  3:19  Probe  
  37  3:25  Stargate  
  37  3:26  Probe  
  39  3:29  Probe  
  40  3:38  Probe  
  40  3:40  Probe  
  41  3:42  Gateway  
  41  3:46  Assimilator  
  42  3:50  Gateway, Probe  
  43  4:05  Probe  
  43  4:07  Probe  
  43  4:09  Phoenix (Chrono Boost)  
  47  4:10  Pylon  
  47  4:16  Twilight Council  
  47  4:17  Probe, Assimilator  
  47  4:19  Probe  
  49  4:29  Probe x2  
  51  4:33  Phoenix (Chrono Boost)  
  53  4:40  Probe  
  53  4:42  Probe  
  55  4:54  Phoenix (Chrono Boost)  
  57  5:01  Sentry  
  59  5:08  Adept x2  
  59  5:09  Adept  
  59  5:25  Adept  
  61  5:29  Probe  
  61  5:31  Pylon  
  62  5:36  Probe  
  62  5:38  Phoenix (Chrono Boost)  
  62  5:41  Mothership Core  
  61  5:46  Probe  
  61  5:48  Gateway  
  61  5:49  Gateway  
  62  5:50  Sentry x2  
  62  5:53  Adept x2  
Tags
 
Add a new tag
Caveats
  • Supply blocks, unpowered buildings, or Contaminate may cause inaccurate times.
  • Supply counts are checked every 10 seconds.